AoeStats
← NPG Dkastro

Four Lakes

509770781Analyzed
1v1 RM · 3d ago on Sep 28, 2026· 26m 12s· 2 players
Game mode
Random Map
Map size
Tiny (2 player)
Population
200
Speed
Normal
Resources
Standard
Victory
Conquest
Starting age
Dark Age
Ending age
Imperial Age
RankedLock teamsTeams togetherTeam positionsShared explorationLock speedFull tech treeHidden civsTurbo modeCheats
Victory
Defeat
🇬🇧 Koreans · United Kingdom
1732
+21
🇨🇱 Gurjaras · Chile
1833
-21
Huggieg
8:58 Loom
11:15 Feudal Age
12:12 Double-Bit Axe
17:54 Fishing Lines
20:21 Castle Age
18:27 Fletching
19:43 Forging
20:10 Scale Mail Armor
21:20 Medium Warships
21:16 Squires
22:23 Chain Mail Armor
22:57 Bodkin Arrow
22:44 Crossbowman
24:25 Iron Casting
26:00 Gillnets
NPG Dkastro
5:06 Loom
9:47 Feudal Age
10:19 Double-Bit Axe
13:49 Wheelbarrow
18:27 Castle Age
19:03 Padded Archer Armor
18:53 Fletching
19:27 Medium Warships
20:09 Leather Archer Armor
20:17 Fishing Lines
23:18 Bodkin Arrow
25:27 Elite Skirmisher
Connection lost

Rejoining the realm…

Still unreachable

The connection could not be restored.

Session expired

The server has moved on; the page needs a fresh start.